 Dungeon Crawl Stone Soup version 0.31-a0-188-g5e087ee2ca (webtiles) character file.

Game seed: 6523369959882022002

74 qw the Shooter (level 4, -1/25 HPs)
             Began as a Deep Elf Hunter on June 23, 2023.
             Slain by a gnoll
             ... wielding a +0 flail of protection
              (3 damage)
             ... on level 3 of the Dungeon.
             The game lasted 00:00:33 (1442 turns).

qw the Shooter (Deep Elf Hunter)                    Turns: 1442, Time: 00:00:34

Health: -1/25      AC:  5    Str: 10    XL:     4   Next: 9%
Magic:  0/6        EV: 11    Int: 14    God:
Gold:   88         SH:  0    Dex: 18    Spells: 3/3 levels left

rFire   . . .        Y - +0 shortbow
rCold   . . .        (shield currently unavailable)
rNeg    . . .        a - +0 ring mail
rPois   .            (no helmet)
rElec   .            (no cloak)
rCorr   .            (no gloves)
SInv    .            (no boots)
Will    .....        d - amulet of guardian spirit
Stlth   +            (no ring)
HPRegen 0.24/turn    (no ring)
MPRegen 0.10/turn

%: guardian spirit
@: about to teleport
A: no striking features
a: no special abilities


You were on level 3 of the Dungeon.
You visited 1 branch of the dungeon, and saw 3 of its levels.

You collected 88 gold pieces.


   Skills:
 - Level 1.5 Fighting
 + Level 7.5 Ranged Weapons
 - Level 2.4 Dodging
 - Level 1.2 Stealth


You had 3 spell levels left.
You didn't know any spells.
Your spell library was empty.

Inventory:

Hand Weapons
 Y - a +0 shortbow (weapon)
Armour
 a - a +0 ring mail (worn)
 c - a +0 helmet
Jewellery
 d - an amulet of guardian spirit (around neck)
Scrolls
 b - a scroll of identify
 g - 3 scrolls of teleportation
Potions
 f - a potion of attraction {unknown}

Dungeon Overview and Level Annotations

Branches:
Dungeon (3/15)

Altars:


Message History

You shoot an arrow. The arrow barely misses the gnoll.
You shoot an arrow. The arrow hits the gnoll!
You kill the gnoll!
Things that are here:
a +0 flail; a gnoll corpse A gnoll is nearby!
You shoot an arrow. The gnoll shouts!
The arrow hits the gnoll.
The gnoll is lightly wounded.
You hear a shout!
You shoot an arrow. The arrow completely misses the gnoll.
A gnoll comes into view.
It is wielding a +0 flail of protection.
You shoot an arrow. The arrow hits the gnoll.
The gnoll is moderately wounded.
You shoot an arrow. The arrow hits the gnoll.
The gnoll is heavily wounded.
You shoot an arrow.
The arrow hits the gnoll but does no damage.
The gnoll is heavily wounded.
The gnoll barely misses you.
You shoot an arrow. The arrow barely misses the gnoll.
The gnoll hits you from afar with a +0 spear.
You shoot an arrow. The arrow hits the gnoll!
You kill the gnoll!
You have reached level 4!
You feel clever.
You shoot an arrow. The arrow hits the gnoll.
The gnoll is lightly wounded.
The gnoll hits you with a +0 flail of protection!
You shoot an arrow. The arrow hits the gnoll.
The gnoll is heavily wounded.
The gnoll hits you with a +0 flail of protection!
You shoot an arrow. The arrow hits the gnoll.
The gnoll is almost dead.
The gnoll hits you with a +0 flail of protection!
1442 ||| READING 4 scrolls of teleportation.
As you read the scroll of teleportation, it crumbles to dust.
You feel strangely unstable.
The gnoll hits you with a +0 flail of protection.
You die...

# # ## #.### ##. ...
#.. #.##.. ## #..#..
.##.. ##....
......###### ###..
#)g@)..##### ###..%
######.....####...#.
#####.#.....##.
#......)###
###.....# #.....#
#######


You could see a gnoll.

Vanquished Creatures
  2 gnolls (D:3)
  An adder (D:2)
  A dart slug (D:2)
  5 ball pythons
  2 endoplasms
  2 giant cockroaches (D:2)
  3 goblins
  5 hobgoblins
  2 jackals (D:1)
  6 kobolds
  A quokka (D:3)
  2 bats (D:1)
  3 frilled lizards
  6 rats (D:1)
41 creatures vanquished.

Notes
Turn   | Place    | Note
-------+----------+-------------------------------------------
     0 | D:1      | qw the Deep Elf Hunter began the quest for the Orb.
     0 | D:1      | Reached XP level 1. HP: 12/12 MP: 3/3
     0 | D:1      | 0 ||| qw: Version: 0.3-a-9-g12657ce
     0 | D:1      | 0 ||| qw: Game counter: 3815
     0 | D:1      | 0 ||| qw: Always use a shield: true
     0 | D:1      | 0 ||| qw: God list: Okawaru
     0 | D:1      | 0 ||| qw: Allow faded altars: false
     0 | D:1      | 0 ||| qw: Do Orc after D:15 true
     0 | D:1      | 0 ||| qw: Do second Lair branch before Depths: true
     0 | D:1      | 0 ||| qw: Lair rune preference: random
     0 | D:1      | 0 ||| qw: Plans: Normal
     0 | D:1      | 0 ||| PLANNING D:1-11
   171 | D:1      | Reached XP level 2. HP: 16/16 MP: 4/4
   251 | D:1      | Reached skill level 6 in Ranged Weapons
   736 | D:1      | 736 ||| READING 2 scrolls labelled HUILEM NUGGA.
   737 | D:1      | 737 ||| READING 2 scrolls labelled RINALO DAGINA.
   738 | D:1      | 738 ||| READING 3 scrolls labelled LEMALUF ZEGOMN.
   743 | D:1      | 743 ||| READING scroll labelled MAREUFR FITATZ.
   744 | D:1      | 744 ||| DROPPING scroll of amnesia.
   745 | D:1      | 745 ||| DROPPING scroll of butterflies.
   746 | D:1      | 746 ||| DROPPING scroll of poison.
   768 | D:2      | Found a faded altar of an unknown god.
   910 | D:2      | Reached XP level 3. HP: 20/20 MP: 5/5
  1295 | D:2      | Reached skill level 7 in Ranged Weapons
  1356 | D:2      | 1356 ||| UPGRADING to +0 ring mail.
  1366 | D:2      | 1366 ||| DROPPING +0 leather armour.
  1367 | D:2      | 1367 ||| UPGRADING to amulet of guardian spirit.
  1439 | D:3      | Reached XP level 4. HP: 24/25 MP: 6/6
  1441 | D:3      | HP: 1/25 [gnoll/+0 flail of protection (8)]
  1442 | D:3      | 1442 ||| READING 4 scrolls of teleportation.
  1442 | D:3      | Slain by a gnoll

Levels and vault maps discovered:
D:1:      beargit_arrival_diablo_church, layout_basic, item_on_display_a
D:2:      layout_basic, shapermc_ecumenical_altar_gd,
          hangedman_abyss_or_decor_lesser_grid
D:3:      layout_rooms

Skill      XL: |  1  2  3 |
---------------+----------+-----
Ranged Weapons | 6 7 |  7.5
Fighting       | |  1.5
Dodging        | |  2.4
Stealth        | |  1.2

Action                     |  1- 3 |  4- 6 || total
---------------------------+-------+-------++-------
   Fire: Shortbow          |   124 |     3 ||   127
    Use: Scroll            |     4 |     1 ||     5
 Armour: Leather armour    |    15 |       ||    15
  Dodge: Dodged            |    31 |       ||    31

Table legend:
 A = Non-vault XP
 B = Vault XP
 C = Vault XP percentage of total XP
 D = Non-vault monster count
 E = Vault monster count
 F = Vault count percentage of total count
                 A         B        C        D         E       F
            +---------+---------+-------+---------+---------+-------
      Total |     105 |       1 |   0.9 |      40 |       1 |   2.4
            +---------+---------+-------+---------+---------+-------
        D:1 |      34 |       1 |   2.9 |      21 |       1 |   4.5
        D:2 |      40 |       0 |   0.0 |      16 |       0 |   0.0
        D:3 |      31 |       0 |   0.0 |       3 |       0 |   0.0
            +---------+---------+-------+---------+---------+-------
